 Dungeon Crawl Stone Soup version 0.19.5 (webtiles) character file.

1571 LoNine the Digger (level 8, -1/44 HPs)
             Began as a Gargoyle Earth Elementalist on Apr 3, 2017.
             Was an Initiate of Vehumet.
             Killed from afar by Dowan (5 damage)
             ... with a puff of flame
             ... on level 6 of the Dungeon.
             The game lasted 00:38:58 (6398 turns).

LoNine the Digger (Gargoyle Earth Elementalist)     Turns: 6398, Time: 00:38:58

Health: -1/44      AC:  9    Str: 11    XL:     8   Next: 90%
Magic:  0/17       EV: 16    Int: 19    God:    Vehumet [......]
Gold:   262        SH:  0    Dex: 10    Spells: 3 memorised, 11 levels left

rFire  . . .     SeeInvis .     b - 14 stones
rCold  . . .     Gourm    .     c - +0 robe
rNeg   + . .     Faith    .     (no shield)
rPois  ∞         Spirit   .     (no helmet)
rElec  +         Reflect  .     (no cloak)
rCorr  .         Harm     .     (no gloves)
MR     .....                    (no boots)
Stlth  ++........               (no amulet)
                                j - +4 ring of evasion
                                A - +2 ring of protection

@: about to teleport
A: negative energy resistance 1, electricity resistance, unbreathing,
petrification resistance, rot immunity, AC +5
a: Renounce Religion


You were on level 6 of the Dungeon.
You worshipped Vehumet.
Vehumet was noncommittal.
You were hungry.

You visited 2 branches of the dungeon, and saw 9 of its levels.

You collected 262 gold pieces.

Inventory:

Hand Weapons
 w - a +0 flail of protection
Missiles
 b - 14 stones (in hand)
Armour
 c - a +0 robe (worn)
 x - a +0 shield
Jewellery
 j - a +4 ring of evasion (right hand)
 A - a +2 ring of protection (left hand)
 B - a +3 ring of strength
 C - an uncursed ring of protection from fire
 J - an uncursed ring of flight
Wands
 f - a wand of flame (28/48)
 F - a wand of enslavement (14/24)
Scrolls
 a - a scroll of enchant armour {unknown}
 k - a scroll of amnesia {unknown}
 l - 2 scrolls of immolation {unknown}
 m - 5 scrolls of teleportation
 n - 2 scrolls of blinking {unknown}
 q - 3 scrolls of remove curse
 r - a scroll of recharging {unknown}
 t - 4 scrolls of magic mapping {unknown}
 y - a scroll of noise {unknown}
Potions
 d - 2 potions of might {unknown}
 g - 2 potions of agility {unknown}
 h - 5 potions of brilliance {unknown}
 o - 3 potions of curing
 s - 2 potions of heal wounds {unknown}
 v - a potion of mutation {unknown}
 z - 4 potions of degeneration {unknown}
 E - 2 potions of cure mutation {unknown}
 I - a potion of flight {unknown}
Books
 e - a book of Geomancy

   Spells                             Type                      Level
   a - Sandblast                      Earth                        1
   b - Passwall                       Transmutation/Earth          2
   c - Stone Arrow                    Conjuration/Earth            3
   d - Petrify                        Transmutation/Earth          4
   e - Lee's Rapid Deconstruction     Earth                        5
 H - a book of Changes

   Spells                             Type                      Level
   a - Beastly Appendage              Transmutation                1
   b - Sticks to Snakes               Transmutation                2
   c - Spider Form                    Transmutation/Poison         3
   d - Ice Form                       Ice/Transmutation            4
   e - Blade Hands                    Transmutation                5
Comestibles
 i - a bread ration
 p - 4 royal jellies
 D - 4 meat rations


   Skills:
 + Level 1.9 Fighting
 + Level 2.0 Maces & Flails
 + Level 2.1 Armour
 + Level 2.3 Dodging
 - Level 2.1 Stealth
 + Level 1.8 Shields
 * Level 6.6 Spellcasting
 + Level 4.6 Conjurations
   Level 0.7 Transmutations
 + Level 6.8 Earth Magic
 + Level 1.5 Evocations


You had 11 spell levels left.
You knew the following spells:

 Your Spells              Type           Power        Failure   Level  Hunger
a - Sandblast             Erth           ####..       1%          1    None
b - Stone Arrow           Conj/Erth      ####..       3%          3    ##.....
c - Lee's Rapid Deconstr  Erth           ####......   21%         5    #####..


Dungeon Overview and Level Annotations

Branches:
Dungeon (8/15)             Temple (1/1) D:5
   Lair: D:8-11

Altars:
Cheibriados
Dithmenos
Elyvilon
Fedhas
Gozag
Hepliaklqana
Kikubaaqudgha
Makhleb
Okawaru
Qazlal
Vehumet
Zin

Shops:
D:5 (

Annotations:
D:6 Dowan, Duvessa


Innate Abilities, Weirdness & Mutations

You are resistant to torment.
Your stone body is resilient. (AC +5)
You are immune to poison.
You resist negative energy. (rN+)
You are resistant to electric shocks. (rElec)
You can survive without breathing.
You are immune to petrification.
You are immune to rotting.


Message History

Press: ? - help, Shift-Dir - straight line, f - orc warrior
Aim: an orc warrior, wielding a glaive and wearing a chain mail The rocky blast hits the orc warrior.
Casting: Sandblast
Confirm with . or Enter, or press ? or * to list all spells.
Aiming: Sandblast
Press: ? - help, Shift-Dir - straight line, f/p - orc warrior
Aim: an orc warrior, wielding a glaive and wearing a chain mail The rocky blast hits the orc warrior.
The orc warrior hits you from afar with a glaive!
* * * LOW HITPOINT WARNING * * *
As you read the scroll of teleportation, it crumbles to dust.
You feel strangely unstable. Dowan casts a spell at you.
The puff of flame hits you!
* * * LOW HITPOINT WARNING * * *
The orc warrior closely misses you. Dowan casts a spell at you.
The puff of flame hits you!
You die...

#########.###...........# #.#
#######.###.# #.......#####.###
.........##>###...........o....
#######..##.#........)#########
#..##.#.#.......#
#####..##.#.#...e...#
#.<.................#
#####..........o.####
##.###..@##### #.# #...#
######.# #...# #......# #...#
######## #...# #...# #...# #
####...# .. ##......# .#


You could see an orc warrior and Dowan.

Vanquished Creatures
  Edmund (D:6)
  4 sky beasts
  2 centaurs
  An ogre (D:4)
  A bullfrog (D:4)
  The ghost of smzp the Chiller, an amateur VSIE of Vehumet (D:3)
  2 scorpions
  2 crimson imps (D:5)
  5 orc wizards
  3 hounds
  2 bullfrog skeletons
  2 iguanas
  2 worker ants (D:4)
  A hound skeleton (D:4)
  5 adders
  An ooze (D:6)
  An adder zombie (D:5)
  An adder skeleton (D:5)
  7 worms
  A dart slug (D:4)
  4 leopard geckos
  7 orcs
  6 bats
  3 giant cockroaches
  4 hobgoblins
  3 jackals (D:3)
  11 kobolds
  2 quokkas
  A ball python (D:1)
  5 frilled lizards
  7 goblins
  9 rats
107 creatures vanquished.

Notes
Turn   | Place    | Note
-------+----------+-------------------------------------------
     0 | D:1      | LoNine the Gargoyle Earth Elementalist began the quest for the Orb.
     0 | D:1      | Reached XP level 1. HP: 10/10 MP: 3/3
   433 | D:1      | Reached XP level 2. HP: 15/15 MP: 3/5
  1079 | D:2      | Reached XP level 3. HP: 18/19 MP: 0/7
  1291 | D:2      | Learned a level 3 spell: Stone Arrow
  1570 | D:2      | Reached XP level 4. HP: 5/24 MP: 4/8
  1837 | D:2      | Reached skill level 1 in Conjurations
  2132 | D:3      | Found a burning altar of Makhleb.
  2179 | D:3      | Noticed smzp's ghost (amateur VSIE)
  2265 | D:3      | HP: 1/24 [smzp's ghost (2)]
  2294 | D:3      | Killed smzp's ghost
  2294 | D:3      | Reached XP level 5. HP: 4/28 MP: 1/10
  2814 | D:3      | Found a faded altar of an unknown god.
  2934 | D:3      | You fall through a shaft!
  2934 | D:4      | Noticed an ogre
  3137 | D:3      | Noticed a sky beast
  3151 | D:3      | Killed a sky beast
  3151 | D:3      | Reached skill level 5 in Earth Magic
  3151 | D:3      | Reached XP level 6. HP: 26/32 MP: 2/12
  3180 | D:3      | Learned a level 5 spell: Lee's Rapid Deconstruction
  3629 | D:4      | Reached skill level 5 in Spellcasting
  3942 | D:4      | Reached XP level 7. HP: 36/36 MP: 9/14
  4649 | D:5      | Entered Level 5 of the Dungeon
  4679 | D:5      | Found an iron altar of Okawaru.
  4749 | D:5      | Found a staircase to the Ecumenical Temple.
  4761 | D:5      | Reached XP level 8. HP: 41/41 MP: 10/17
  4810 | Temple   | Entered the Ecumenical Temple
  4835 | Temple   | Became a worshipper of Vehumet
  5142 | D:5      | You fall through a shaft for 3 floors!
  5392 | D:5      | Found a stormy altar of Qazlal.
  5401 | D:5      | Reached skill level 1 in Armour
  5401 | D:5      | Reached skill level 1 in Shields
  5449 | D:5      | Found Cauvum's Weapon Emporium.
  5675 | D:6      | Noticed Edmund
  5707 | D:6      | Killed Edmund
  5707 | D:6      | Reached skill level 1 in Fighting
  5707 | D:6      | Reached skill level 1 in Maces & Flails
  6019 | D:6      | Reached skill level 1 in Evocations
  6341 | D:6      | Noticed Duvessa
  6341 | D:6      | Noticed Dowan
  6398 | D:6      | Killed from afar by Dowan

Skill      XL: |  1  2  3  4  5  6  7  8 |
---------------+-------------------------+-----
Earth Magic    | 4 5 6 |  6.8
Spellcasting   | 3 4 5 6 |  6.6
Conjurations   | 1 2 3 4 |  4.6
Armour         | 2 |  2.1
Shields        | 1 |  1.8
Fighting       | 1 |  1.9
Maces & Flails | 2 |  2.0
Dodging        | 2 |  2.3
Evocations     | 1 |  1.5
Stealth        | |  2.1
Transmutations | |  0.7

Action                   |  1- 3 |  4- 6 |  7- 9 || total
-------------------------+-------+-------+-------++-------
Melee: Flail             |    13 |    80 |    35 ||   128
 Cast: Sandblast         |    49 |    74 |    79 ||   202
       Stone Arrow       |       |     3 |    24 ||    27
  Use: Scroll            |       |     5 |     3 ||     8
 Stab: Sleeping          |     1 |     2 |       ||     3
  Eat: Bread ration      |     1 |     2 |     1 ||     4
Armor: Robe              |    11 |    60 |    26 ||    97
Dodge: Dodged            |    19 |   115 |    62 ||   196
